[ PARTIDA AOE2 · #495340511 ]
UnrankedMongoles vs Koreans
Equipo del jugador · DERR
Equipo rival · VICT
[ ANÁLISIS DE REPETICIÓN · EXTRAÍDO DE LA PARTIDA GRABADA ]
Feudal
8:51
Castillos
19:57
Imperial
—
| APM promedio | 72.9 |
| APM pico | 111 |
| eAPM promedio | 29.8 |
| Aldeanos / militares | 112 / 53 |
Foco
⚔️ 36.5% · 🌾 63.5%
Skirmisher ×34 · Steppe Lancer ×12 · Militia ×4 · Monk ×2 · Mangonel ×1
Feudal
8:52
Castillos
19:57
Imperial
—
| APM promedio | 71.0 |
| APM pico | 120 |
| eAPM promedio | 27.3 |
| Aldeanos / militares | 113 / 57 |
Foco
⚔️ 34.6% · 🌾 65.4%
Cavalry Archer ×33 · Skirmisher ×13 · Archer ×3 · War Wagon ×3 · Iron Pagoda ×3 · Spearman ×2
Mapa de la partida
Recursos iniciales + cada clic de construcción. Líneas = muros · curvas = relieve. ◆ oro · ⬟ piedra · ● bayas · ✦ reliquia · ◌ hueco del cierre
Tu base· Abierta — el rival se encerró
Base de CNZS_Bad Koala· ✓ Cerrada en 19:57 · 53t muro · 2 puerta(s)
Terreno inicial suavizado · ◌ = hueco del cierre detectado · pasá el cursor para detalles
Inputs por minuto
— maki - - CNZS_Bad Koala
Build order — maki
Primeras 150 de 283 acciones detectadas
| 0:01 | Crear | Villager (Male) |
| 0:01 | Crear | Villager (Male) |
| 0:02 | Construir | House |
| 0:03 | Construir | House |
| 0:16 | Crear | Villager (Male) |
| 0:51 | Crear | Villager (Male) |
| 1:26 | Crear | Villager (Male) |
| 1:26 | Crear | Villager (Male) |
| 1:43 | Crear | Villager (Male) |
| 1:48 | Construir | Lumber Camp |
| 2:16 | Crear | Villager (Male) |
| 2:16 | Crear | Villager (Male) |
| 2:47 | Crear | Villager (Male) |
| 2:48 | Crear | Villager (Male) |
| 3:09 | Crear | Villager (Male) |
| 3:29 | Crear | Villager (Male) |
| 3:29 | Crear | Villager (Male) |
| 3:41 | Crear | Villager (Male) |
| 3:42 | Crear | Villager (Male) |
| 3:56 | Construir | House |
| 4:00 | Crear | Villager (Male) |
| 4:21 | Crear | Villager (Male) |
| 4:21 | Crear | Villager (Male) |
| 4:26 | Construir | Mill |
| 4:46 | Crear | Villager (Male) |
| 5:07 | Crear | Villager (Male) |
| 5:18 | Construir | House |
| 6:02 | Investigar | Loom |
| 6:09 | Construir | Barracks |
| 6:39 | Investigar | Feudal Age |
| 6:39 | Investigar | Feudal Age |
| 7:02 | Crear | Militia |
| 7:02 | Crear | Militia |
| 7:03 | Crear | Militia |
| 7:18 | Construir | Mining Camp |
| 7:35 | Construir | House |
| 8:03 | Crear | Militia |
| 8:44 | Crear | Villager (Male) |
| 8:51 | Edad | Edad Feudal |
| 8:51 | Investigar | Man-at-Arms (upgrade) |
| 8:51 | Investigar | Man-at-Arms (upgrade) |
| 8:52 | Investigar | Double-Bit Axe |
| 8:52 | Investigar | Double-Bit Axe |
| 8:53 | Investigar | Double-Bit Axe |
| 9:00 | Crear | Villager (Male) |
| 9:22 | Construir | House |
| 9:45 | Crear | Villager (Male) |
| 9:53 | Construir | Archery Range |
| 10:01 | Crear | Villager (Male) |
| 10:10 | Construir | Farm |
| 10:22 | Crear | Villager (Male) |
| 10:33 | Construir | Farm |
| 10:45 | Crear | Villager (Male) |
| 10:47 | Construir | Farm |
| 10:48 | Crear | Skirmisher |
| 10:50 | Construir | House |
| 10:57 | Crear | Skirmisher |
| 11:03 | Crear | Villager (Male) |
| 11:05 | Construir | Farm |
| 11:10 | Construir | Palisade Wall |
| 11:21 | Crear | Villager (Male) |
| 11:25 | Construir | Palisade Wall |
| 11:37 | Crear | Skirmisher |
| 11:52 | Crear | Skirmisher |
| 11:55 | Construir | Farm |
| 11:57 | Construir | Farm |
| 12:12 | Crear | Skirmisher |
| 12:24 | Crear | Skirmisher |
| 12:26 | Construir | Farm |
| 12:27 | Construir | Farm |
| 12:48 | Construir | Farm |
| 12:50 | Construir | Farm |
| 12:50 | Crear | Skirmisher |
| 12:59 | Crear | Villager (Male) |
| 13:09 | Construir | Farm |
| 13:09 | Crear | Villager (Male) |
| 13:19 | Crear | Villager (Male) |
| 13:22 | Construir | House |
| 13:44 | Crear | Villager (Male) |
| 13:47 | Construir | Blacksmith |
| 14:00 | Construir | Palisade Wall |
| 14:01 | Construir | Palisade Wall |
| 14:09 | Crear | Villager (Male) |
| 14:12 | Construir | Palisade Wall |
| 14:16 | Crear | Villager (Male) |
| 14:19 | Construir | Farm |
| 14:30 | Construir | Palisade Wall |
| 14:38 | Construir | Palisade Wall |
| 14:40 | Crear | Villager (Male) |
| 14:54 | Crear | Villager (Male) |
| 15:10 | Construir | Market |
| 15:33 | Construir | House |
| 15:36 | Crear | Villager (Male) |
| 15:45 | Construir | House |
| 16:03 | Crear | Villager (Male) |
| 16:07 | Construir | Lumber Camp |
| 17:17 | Investigar | Castle Age |
| 17:17 | Investigar | Castle Age |
| 17:35 | Investigar | Horse Collar |
| 17:35 | Investigar | Horse Collar |
| 17:37 | Construir | House |
| 17:56 | Construir | Stable |
| 18:00 | Construir | Stable |
| 18:59 | Investigar | Bloodlines |
| 19:00 | Investigar | Bloodlines |
| 19:04 | Investigar | Scale Barding Armor |
| 19:23 | Construir | Farm |
| 19:28 | Construir | Farm |
| 19:57 | Edad | Edad de los Castillos |
| 20:06 | Crear | Steppe Lancer |
| 20:06 | Crear | Steppe Lancer |
| 20:15 | Crear | Villager (Male) |
| 20:17 | Construir | Farm |
| 20:18 | Construir | Farm |
| 20:19 | Investigar | Bow Saw |
| 20:19 | Investigar | Bow Saw |
| 20:23 | Crear | Villager (Male) |
| 20:30 | Crear | Steppe Lancer |
| 20:35 | Crear | Steppe Lancer |
| 20:37 | Crear | Villager (Male) |
| 20:38 | Construir | Farm |
| 20:42 | Construir | Farm |
| 20:47 | Crear | Villager (Male) |
| 20:57 | Construir | Town Center |
| 21:01 | Crear | Villager (Male) |
| 21:04 | Crear | Steppe Lancer |
| 21:13 | Construir | Palisade Wall |
| 21:21 | Crear | Steppe Lancer |
| 21:28 | Investigar | Husbandry |
| 21:28 | Investigar | Husbandry |
| 21:34 | Crear | Villager (Male) |
| 21:42 | Construir | Farm |
| 21:46 | Crear | Steppe Lancer |
| 21:47 | Crear | Steppe Lancer |
| 21:54 | Construir | Farm |
| 21:55 | Construir | Farm |
| 21:56 | Construir | Farm |
| 21:59 | Construir | Farm |
| 22:01 | Construir | Farm |
| 22:06 | Crear | Villager (Male) |
| 22:08 | Crear | Steppe Lancer |
| 22:31 | Construir | Monastery |
| 22:33 | Crear | Villager (Male) ×2 |
| 22:45 | Crear | Villager (Male) |
| 22:59 | Crear | Steppe Lancer |
| 23:01 | Crear | Villager (Male) |
| 23:02 | Construir | Farm |
| 23:09 | Construir | House |
| 23:38 | Crear | Villager (Male) |
| 23:40 | Crear | Monk |
Build order — CNZS_Bad Koala
Primeras 150 de 310 acciones detectadas
| 0:01 | Crear | Villager (Male) |
| 0:02 | Construir | House |
| 0:03 | Construir | House |
| 0:10 | Crear | Villager (Male) |
| 0:11 | Crear | Villager (Male) |
| 0:11 | Crear | Villager (Male) |
| 0:11 | Crear | Villager (Male) |
| 0:11 | Crear | Villager (Male) |
| 1:24 | Crear | Villager (Male) |
| 1:24 | Crear | Villager (Male) |
| 1:45 | Construir | Lumber Camp |
| 2:05 | Crear | Villager (Male) |
| 2:06 | Crear | Villager (Male) |
| 2:06 | Crear | Villager (Male) |
| 2:35 | Crear | Villager (Male) |
| 2:35 | Crear | Villager (Male) |
| 3:08 | Crear | Villager (Male) |
| 3:08 | Crear | Villager (Male) |
| 3:23 | Crear | Villager (Male) |
| 3:23 | Crear | Villager (Male) |
| 3:49 | Construir | House |
| 4:01 | Crear | Villager (Male) |
| 4:01 | Crear | Villager (Male) |
| 4:01 | Crear | Villager (Male) |
| 4:01 | Crear | Villager (Male) |
| 5:17 | Crear | Villager (Male) |
| 5:18 | Crear | Villager (Male) |
| 5:29 | Construir | Mill |
| 5:56 | Investigar | Loom |
| 6:42 | Investigar | Feudal Age |
| 7:28 | Construir | Barracks |
| 7:31 | Construir | House |
| 8:01 | Construir | Palisade Wall |
| 8:02 | Construir | Palisade Wall |
| 8:03 | Construir | Palisade Wall |
| 8:04 | Construir | Palisade Wall |
| 8:05 | Construir | Palisade Wall |
| 8:06 | Construir | Palisade Wall |
| 8:07 | Construir | Palisade Wall |
| 8:12 | Construir | Palisade Wall |
| 8:13 | Construir | Palisade Wall |
| 8:15 | Construir | Palisade Wall |
| 8:16 | Construir | Palisade Wall |
| 8:20 | Crear | Villager (Male) |
| 8:47 | Crear | Villager (Male) |
| 8:52 | Edad | Edad Feudal |
| 8:53 | Construir | Archery Range |
| 8:55 | Investigar | Double-Bit Axe |
| 8:59 | Crear | Villager (Male) |
| 9:01 | Crear | Spearman |
| 9:17 | Crear | Villager (Male) |
| 9:37 | Construir | House |
| 9:38 | Crear | Skirmisher |
| 9:38 | Crear | Skirmisher |
| 9:43 | Crear | Spearman |
| 9:47 | Crear | Villager (Male) |
| 9:48 | Crear | Villager (Male) |
| 9:52 | Construir | Palisade Wall |
| 10:00 | Construir | Mining Camp |
| 10:10 | Crear | Archer |
| 10:14 | Crear | Villager (Male) |
| 10:15 | Crear | Villager (Male) |
| 10:16 | Crear | Villager (Male) |
| 10:37 | Construir | Farm |
| 10:37 | Construir | Farm |
| 10:54 | Construir | Farm |
| 10:58 | Construir | Gate |
| 11:02 | Construir | Gate |
| 11:05 | Crear | Villager (Male) |
| 11:12 | Crear | Villager (Male) |
| 11:13 | Crear | Villager (Male) |
| 11:22 | Construir | House |
| 11:25 | Construir | Farm |
| 11:25 | Construir | Farm |
| 11:27 | Construir | Farm |
| 11:29 | Crear | Villager (Male) |
| 11:29 | Crear | Villager (Male) |
| 11:56 | Construir | House |
| 12:01 | Crear | Villager (Male) |
| 12:11 | Construir | Farm |
| 12:29 | Crear | Villager (Male) |
| 12:31 | Crear | Archer |
| 12:31 | Crear | Archer |
| 12:37 | Construir | Farm |
| 12:54 | Crear | Villager (Male) |
| 12:56 | Construir | House |
| 13:07 | Crear | Skirmisher |
| 13:14 | Construir | House |
| 13:15 | Construir | House |
| 13:21 | Construir | Farm |
| 13:23 | Construir | Farm |
| 13:24 | Crear | Villager (Male) |
| 13:54 | Construir | Palisade Wall |
| 13:58 | Construir | Palisade Wall |
| 13:59 | Construir | Palisade Wall |
| 14:03 | Crear | Skirmisher |
| 14:14 | Crear | Villager (Male) |
| 14:19 | Crear | Skirmisher |
| 14:20 | Crear | Villager (Male) |
| 14:22 | Construir | Farm |
| 14:23 | Construir | Farm |
| 14:25 | Construir | Farm |
| 14:28 | Construir | Farm |
| 14:33 | Crear | Skirmisher |
| 14:34 | Crear | Villager (Male) |
| 14:55 | Construir | Blacksmith |
| 15:06 | Construir | Palisade Wall |
| 15:07 | Construir | Palisade Wall |
| 15:12 | Crear | Skirmisher |
| 15:12 | Crear | Skirmisher |
| 15:22 | Crear | Villager (Male) |
| 16:03 | Construir | Market |
| 16:05 | Crear | Skirmisher |
| 16:53 | Construir | House |
| 16:55 | Construir | Palisade Wall |
| 17:03 | Construir | Palisade Wall |
| 17:07 | Construir | Lumber Camp |
| 17:15 | Investigar | Castle Age |
| 17:15 | Investigar | Castle Age |
| 17:28 | Construir | Archery Range |
| 17:45 | Construir | Palisade Wall |
| 17:56 | Investigar | Fletching |
| 17:58 | Investigar | Horse Collar |
| 18:16 | Crear | Skirmisher |
| 18:17 | Crear | Skirmisher |
| 18:38 | Crear | Skirmisher |
| 18:38 | Crear | Skirmisher |
| 18:41 | Crear | Villager (Male) |
| 19:29 | Crear | Villager (Male) |
| 19:57 | Edad | Edad de los Castillos |
| 20:00 | Investigar | Elite Skirmisher (upgrade) |
| 20:00 | Investigar | Bodkin Arrow |
| 20:00 | Investigar | Bodkin Arrow |
| 20:04 | Crear | Cavalry Archer |
| 20:04 | Crear | Cavalry Archer |
| 20:07 | Crear | Villager (Male) |
| 20:10 | Construir | Town Center |
| 20:18 | Crear | Cavalry Archer |
| 20:18 | Crear | Cavalry Archer |
| 20:22 | Crear | Villager (Male) |
| 20:32 | Investigar | Bow Saw |
| 20:42 | Crear | Cavalry Archer |
| 20:43 | Crear | Villager (Male) |
| 20:55 | Crear | Villager (Male) |
| 21:01 | Construir | Palisade Gate |
| 21:07 | Crear | Villager (Male) |
| 21:17 | Construir | Farm |
| 21:19 | Crear | Villager (Male) |
| 21:26 | Construir | Stable |
| 21:32 | Crear | Cavalry Archer |
Cronología de la partida
| 6:09 | maki · first_building Barracks |
| 7:28 | CNZS_Bad Koala · first_building Barracks |
| 8:01 | CNZS_Bad Koala · wall_segment Palisade Wall x1 |
| 8:02 | CNZS_Bad Koala · wall_segment Palisade Wall x1 |
| 8:03 | CNZS_Bad Koala · wall_segment Palisade Wall x1 |
| 8:04 | CNZS_Bad Koala · wall_segment Palisade Wall x1 |
| 8:05 | CNZS_Bad Koala · wall_segment Palisade Wall x1 |
| 8:06 | CNZS_Bad Koala · wall_segment Palisade Wall x1 |
| 8:07 | CNZS_Bad Koala · wall_segment Palisade Wall x1 |
| 8:12 | CNZS_Bad Koala · wall_segment Palisade Wall x1 |
| 8:13 | CNZS_Bad Koala · wall_segment Palisade Wall x1 |
| 8:15 | CNZS_Bad Koala · wall_segment Palisade Wall x1 |
| 8:16 | CNZS_Bad Koala · wall_segment Palisade Wall x1 |
| 8:51 | maki · age_up feudal |
| 8:52 | CNZS_Bad Koala · age_up feudal |
| 8:53 | CNZS_Bad Koala · first_building Archery Range |
| 9:52 | CNZS_Bad Koala · wall_segment Palisade Wall x1 |
| 9:53 | maki · first_building Archery Range |
| 11:10 | maki · wall_segment Palisade Wall x4 |
| 11:25 | maki · wall_segment Palisade Wall x1 |
| 13:54 | CNZS_Bad Koala · wall_segment Palisade Wall x2 |
| 13:58 | CNZS_Bad Koala · wall_segment Palisade Wall x2 |
| 13:59 | CNZS_Bad Koala · wall_segment Palisade Wall x10 |
| 14:00 | maki · wall_segment Palisade Wall x3 |
| 14:01 | maki · wall_segment Palisade Wall x8 |
| 14:12 | maki · wall_segment Palisade Wall x8 |
| 14:30 | maki · wall_segment Palisade Wall x3 |
| 14:38 | maki · wall_segment Palisade Wall x1 |
| 15:06 | CNZS_Bad Koala · wall_segment Palisade Wall x3 |
| 15:07 | CNZS_Bad Koala · wall_segment Palisade Wall x8 |
| 16:43 | maki · first_market_buy 100 food |
| 16:55 | CNZS_Bad Koala · wall_segment Palisade Wall x5 |
| 17:03 | CNZS_Bad Koala · wall_segment Palisade Wall x13 |
| 17:10 | CNZS_Bad Koala · first_market_buy 100 food |
| 17:45 | CNZS_Bad Koala · wall_segment Palisade Wall x1 |
| 17:56 | maki · first_building Stable |
| 19:57 | maki · age_up castle |
| 19:57 | CNZS_Bad Koala · age_up castle |
| 21:13 | maki · wall_segment Palisade Wall x1 |
| 21:26 | CNZS_Bad Koala · first_building Stable |
| 22:31 | maki · first_building Monastery |
| 26:56 | CNZS_Bad Koala · first_building Siege Workshop |
| 27:29 | CNZS_Bad Koala · first_building Castle |
| 27:40 | CNZS_Bad Koala · wall_segment Stone Wall x2 |
| 29:37 | maki · first_market_sell 100 food |
| 31:13 | maki · first_building Siege Workshop |
| 33:28 | maki · resign |
[ ANÁLISIS IA · 1 CRÉDITO ]
¿Qué pasó realmente en esta partida?
Wolo.gg analiza cada decisión: build order, eco, micro, errores típicos por bracket. Análisis personalizado por WhatsApp o Discord en 30 segundos.
Guía civ
Mongoles
Perfil
maki